 Dungeon Crawl Stone Soup version 0.29.1-13-g9f3cf754e1 (webtiles) character file.

Game seed: 12935693060133897792

296 Thatpatchoflichen the Shooter (level 6, -4/38 HPs)
             Began as a Kobold Hunter on Jan 22, 2023.
             Killed from afar by an orc wizard (10 damage)
             ... with a magic dart
             ... on level 3 of the Dungeon.
             The game lasted 00:08:10 (3015 turns).

Thatpatchoflichen the Shooter (Kobold Hunter)       Turns: 3015, Time: 00:08:12

Health: -4/38      AC:  3    Str:  5    XL:     6   Next: 61%
Magic:  6/6        EV: 17    Int: 18    God:
Gold:   126        SH:  0    Dex: 20    Spells: 5/5 levels left

rFire   . . .      SeeInvis .   a - +0 shortbow
rCold   . . .      Faith    .   (shield currently unavailable)
rNeg    . . .      Spirit   .   q - +1 robe "Opyg" {Harm Str-3 Int+7 Archmagi}
rPois   .          Reflect  .   (no helmet)
rElec   .          Harm     +   (no cloak)
rCorr   .          Rampage  .   (no gloves)
Will    .....      Archmagi +   (no boots)
Stlth   ++++......              (no amulet)
HPRegen 0.12/turn               (no ring)
MPRegen 0.10/turn               (no ring)

@: no status effects
A: small, no large weapons, nightstalker 3
a: no special abilities


You were on level 3 of the Dungeon.
You visited 1 branch of the dungeon, and saw 4 of its levels.

You collected 126 gold pieces.

Inventory:

Hand Weapons
 a - a +0 shortbow (weapon)
 w - a +3 spear
Missiles
 u - 5 poisoned darts
 v - 2 throwing nets
Armour
 c - a +0 leather armour
 q - the +1 robe "Opyg" (worn) {Harm Str-3 Int+7 Archmagi}
   (You found it on level 2 of the Dungeon)

   Str:       It affects your strength (-3).
   Int:       It affects your intelligence (+7).
   Harm:      It increases damage dealt and taken.
   Archmagi:  It increases the power of your magical spells.
Wands
 t - a wand of flame (10)
Scrolls
 b - 2 scrolls of immolation
 d - 2 scrolls of identify {unknown}
 e - a scroll of fear {unknown}
 g - 2 scrolls of magic mapping {unknown}
 j - a scroll of summoning {unknown}
 k - a scroll of poison {unknown}
 l - a scroll of noise {unknown}
 o - a scroll of amnesia {unknown}
 r - 2 scrolls of blinking {unknown}
Potions
 f - a potion of resistance {unknown}
 h - a potion of cancellation {unknown}
 i - a potion of experience {unknown}
 m - 2 potions of attraction {unknown}
 n - a potion of mutation {unknown}
 p - a potion of haste {unknown}
 s - 2 potions of flight {unknown}
 x - a potion of magic {unknown}


   Skills:
 + Level 4.1 Fighting
 + Level 6.8 Ranged Weapons
 + Level 4.5 Dodging
 - Level 4.0 Stealth


You had 5 spell levels left.
You didn't know any spells.
Your spell library contained the following spells:

 Spells                   Type           Power      Damage    Failure   Level
 Apportation              Tloc           0%         N/A       22%         1
 Necrotise                Necr           0%         1d4       22%         1
 Summon Small Mammal      Summ           0%         N/A       22%         1
 Summon Guardian Golem    Hex/Summ       0%         N/A       54%         3
 Orb of Destruction       Conj           0%         9d5       100%        7
 Spellforged Servitor     Conj/Summ      0%         N/A       100%        7


Dungeon Overview and Level Annotations

Branches:
Dungeon (4/15)
 Temple: D:4-7

Altars:


Innate Abilities, Weirdness & Mutations

You are small and have problems with some larger weapons.
You are completely attuned to the shadows.


Message History

Fire: a) +0 shortbow
Press: ? - help, Q - select action, (/) - cycle Shift-Dir - straight line You shoot an arrow.
Something hits you.
Fire: a) +0 shortbow
Press: ? - help, Q - select action, (/) - cycle Shift-Dir - straight line, f - you Really target yourself? [Y]es or [N]o only, please.
Really target yourself?
Okay, then.
Fire: a) +0 shortbow
Press: ? - help, Q - select action, (/) - cycle Shift-Dir - straight line You shoot an arrow.
Something barely misses you.
Fire: a) +0 shortbow
Press: ? - help, Q - select action, (/) - cycle Shift-Dir - straight line You shoot an arrow.
Something closely misses you.
You miss something. Something hits you but does no damage.
Something closely misses you.
Fire: a) +0 shortbow
Press: ? - help, Q - select action, (/) - cycle Shift-Dir - straight line You shoot an arrow.
You hear some strange, mumbled words.
A magic dart appears from out of thin air!
The magic dart hits you.
Fire: a) +0 shortbow
Press: ? - help, Q - select action, (/) - cycle Shift-Dir - straight line You shoot an arrow.
You hear some strange, mumbled words.
A puff of flame appears from out of thin air!
The puff of flame hits you!
* * * LOW HITPOINT WARNING * * *
Fire: a) +0 shortbow
Press: ? - help, Q - select action, (/) - cycle Shift-Dir - straight line You shoot an arrow.
You hear some strange, mumbled words.
A magic dart appears from out of thin air!
The magic dart hits you!
You die...

.......##.o..##....#.###..
.....#..#o#.###..###......
.........................#
.....##.....#)..######...#
.....###.)...............#
.....####........###.###..
.##### ###.#....)...#..####.#
##.
....)#####...###.##.........#
##
.###....##..###{@##.......###
....###......##.###.......# ##
###..####..#..#.##..#..##.##...
.....########...#............#
####....#####................#
##.#..##....##.............g
#.##.......##..........#..#
#.##....##.##..........##.)
#.......##.##.....


There were no monsters in sight!

Vanquished Creatures
  Sigmund (D:2)
  7 gnolls
  An adder (D:3)
  A dart slug (D:3)
  4 orcs
  4 ball pythons
  4 endoplasms
  2 giant cockroaches (D:2)
  4 goblins
  A hobgoblin (D:1)
  9 jackals
  7 bats
  A frilled lizard (D:2)
  2 kobolds (D:1)
  7 rats
55 creatures vanquished.

Notes
Turn   | Place    | Note
-------+----------+-------------------------------------------
     0 | D:1      | Thatpatchoflichen the Kobold Hunter began the quest for the
                  | Orb.
     0 | D:1      | Reached XP level 1. HP: 12/12 MP: 1/1
   190 | D:1      | Reached XP level 2. HP: 18/18 MP: 2/2
   610 | D:1      | Reached XP level 3. HP: 22/22 MP: 3/3
  1007 | D:2      | Identified the +1 robe "Opyg" {Harm Str-3 Int+7 Archmagi}
  1014 | D:2      | Noticed Sigmund
  1023 | D:2      | Killed Sigmund
  1024 | D:2      | Reached skill level 6 in Ranged Weapons
  1024 | D:2      | Reached XP level 4. HP: 20/28 MP: 4/4
  1024 | D:2      | Reached XP level 5. HP: 23/32 MP: 5/5
  1204 | D:3      | Reached XP level 6. HP: 24/37 MP: 6/6
  1772 | D:2      | Found a faded altar of an unknown god.
  2265 | D:4      | HP: 1/38 [gnoll/+0 club (7)]
  3015 | D:3      | Killed from afar by an orc wizard

Illustrated notes

Levels and vault maps discovered:
D:1:      dpeg_arrival_tiny_a, layout_basic, solitary_fountain
D:2:      layout_basic, chequers_ecumenical_altar_simple,
          hangedman_abyss_or_decor_lesser_grid, uniq_sigmund
D:3:      layout_rooms
D:4:      layout_basic

Skill      XL: |  1  2  3  4  5  6 |
---------------+-------------------+-----
Stealth        | 2 3 4 |  4.0
Dodging        | 3 4 |  4.5
Fighting       | 3 4 |  4.1
Ranged Weapons | 6 |  6.8

Action                   |  1- 3 |  4- 6 || total
-------------------------+-------+-------++-------
Melee: Shortbow          |       |     3 ||     3
 Fire: Shortbow          |    45 |   101 ||   146
Armor: Leather armour    |     1 |       ||     1
       Robe              |       |    18 ||    18
Dodge: Dodged            |    20 |    78 ||    98
